 Dungeon Crawl Stone Soup version 0.24.0-13-gcf9b3192b9 (webtiles) character file.

Game seed: 13273878813555218854, levelgen mode: deterministic

58 Midas the Skirmisher (level 4, -7/35 HPs)
             Began as a Formicid Warper on Nov 10, 2019.
             Splashed by a jelly's acid (8 damage)
             ... on level 3 of the Dungeon.
             The game lasted 00:03:16 (2159 turns).

Midas the Skirmisher (Formicid Warper)              Turns: 2159, Time: 00:03:16

Health: -7/35      AC: -5    Str: 16    XL:     4   Next: 20%
Magic:  7/7        EV: 10    Int: 13    God:
Gold:   90         SH:  0    Dex: 10    Spells: 7/7 levels left

rFire    . . .     SeeInvis +   a - +0 mace
rCold    . . .     Gourm    .   (no shield)
rNeg     . . .     Faith    .   l - +0 scale mail
rPois    .         Spirit   .   (helmet unavailable)
rElec    .         Reflect  .   (no cloak)
rCorr    .         Harm     .   (no gloves)
MR       .....                  (no boots)
Stlth    ..........             (no amulet)
HPRegen  0.11/turn              (no ring)
MPRegen  0.10/turn              (no ring)

@: corroded
A: permanent stasis, dig shafts and tunnels, four strong arms, antennae 3
a: Dig, Shaft Self


You were on level 3 of the Dungeon.
You were not hungry.

You visited 1 branch of the dungeon, and saw 3 of its levels.

You collected 90 gold pieces.

Inventory:

Hand Weapons
 a - a +0 mace (weapon)
Missiles
 c - 112 stones
 e - 5 boomerangs of dispersal (quivered)
 k - 20 poisoned darts
Armour
 b - a +0 leather armour
 l - a +0 scale mail (worn)
Jewellery
 i - an uncursed ring of magical power {unknown}
Scrolls
 d - a scroll of blinking
 m - a scroll of amnesia {unknown}
 p - a scroll of identify {unknown}
 q - 2 scrolls of magic mapping {unknown}
Potions
 g - a potion of resistance {unknown}
 h - 2 potions of curing
 j - a potion of berserk rage {unknown}
 n - a potion of might {unknown}
 o - a potion of haste {unknown}
 r - a potion of agility {unknown}
Comestibles
 f - 7 rations
 s - a chunk of flesh


   Skills:
 + Level 3.1 Fighting
 + Level 2.8 Maces & Flails
 - Level 1.0 Throwing
 + Level 2.5 Armour
 - Level 1.7 Dodging
 - Level 2.1 Spellcasting
   Level 2.6 Translocations


You had 7 spell levels left.
You didn't know any spells.
Your spell library contained the following spells:

 Spells                   Type           Power        Failure   Level  Hunger
 Shroud of Golubria       Chrm/Tloc      #.....       61%         2    ###....
 Gell's Gravitas          Tloc           #.........   65%         3    ####...
 Lesser Beckoning         Tloc           #.........   65%         3    ####...
 Teleport Other           Tloc           #.......     65%         3    ####...
 Passage of Golubria      Tloc           N/A          96%         4    #####..
 Blink                    Tloc           Unusable     N/A         2    N/A

Dungeon Overview and Level Annotations

Branches:
Dungeon (2/15)

Altars:


Innate Abilities, Weirdness & Mutations

You cannot be hasted, slowed, berserked, paralysed or teleported.
You can dig through walls and to a lower floor.
Your four strong arms can wield two-handed weapons with a shield.
You have a pair of large antennae on your head. (SInv)


Message History

You sock the jelly! The acid corrodes you!
Your hands burn!
The jelly is almost dead.
The jelly hits you but does no damage.
You hit the jelly but do no damage.
Your hands burn!
The jelly is almost dead.
The jelly closely misses you.
You barely miss the jelly.
The jelly is almost dead.
The jelly completely misses you.
You hit the jelly but do no damage. The acid corrodes you!
Your hands burn!
The jelly is almost dead.
The jelly barely misses you.
You hit the jelly but do no damage.
Your hands burn!
The jelly is almost dead.
The jelly hits you.
You are splashed with acid!
* * * LOW HITPOINT WARNING * * *
The jelly hits you.
* * * LOW HITPOINT WARNING * * *
The acid corrodes you!
You are splashed with acid!
You die...

##### #....
#... .# #..#
.. ####..# .#
#.##..# .#
.#.#..# .# #
###...#
#########.#.#
.#.##.#
#...?.J@....#
#..##.#
#.######....#
#..##.# #.#
###.#...##
#..##.# #.#
#.......[#
......# #.#
#.#.##..##
#..#### #.#
#.##.#..#
#..# #.# #)#
#...# #..#
#.# #.# #.##
#..#######.#
#.# .#


You could see a jelly.

Vanquished Creatures
  An adder (D:2)
  2 oozes
  A leopard gecko (D:1)
  An orc (D:3)
  6 bats
  2 giant cockroaches
  2 goblins
  4 hobgoblins
  4 jackals (D:1)
  A kobold (D:1)
  A ball python (D:1)
  6 frilled lizards
  6 rats
37 creatures vanquished.

Notes
Turn   | Place    | Note
-------+----------+-------------------------------------------
     0 | D:1      | Midas the Formicid Warper began the quest for the Orb.
     0 | D:1      | Reached XP level 1. HP: 16/16 MP: 3/3
   318 | D:1      | Reached XP level 2. HP: 15/23 MP: 5/5
   887 | D:1      | Reached XP level 3. HP: 28/28 MP: 6/6
  1705 | D:2      | Reached skill level 3 in Fighting
  1948 | D:2      | Reached XP level 4. HP: 35/35 MP: 7/7
  2032 | D:2      | You fall into a shaft and drop 1 floor!
  2159 | D:3      | HP: 1/35 [jelly (2)]
  2159 | D:3      | Splashed by a jelly's acid

Levels and vault maps discovered:
D:1:      dpeg_arrival_water_temple_mockup, layout_loops_ring
D:2:      layout_basic, minmay_misc_feat_more_columns
D:3:      layout_loops_ring, marbit_many_paths, uniq_natasha

Skill      XL: |  1  2  3 |
---------------+----------+-----
Armour         | 2 |  2.5
Fighting       | 3 |  3.1
Maces & Flails | |  2.8
Throwing       | |  1.0
Dodging        | |  1.7
Spellcasting   | |  2.1
Translocations | |  2.6

Action                   |  1- 3 |  4- 6 || total
-------------------------+-------+-------++-------
Melee: Mace              |   105 |    16 ||   121
  Use: Potion            |     1 |       ||     1
  Eat: Chunk             |     3 |     1 ||     4
Armor: Leather armour    |    22 |       ||    22
       Scale mail        |    47 |     5 ||    52
Dodge: Dodged            |    67 |    13 ||    80
